 Dungeon Crawl Stone Soup version 0.30.1-11-g7821555f0a (webtiles) character file.

Game seed: 13814181240581585839

111 KittyFluff the Cudgeller (level 4, -1/29 HPs)
             Began as a Gargoyle Berserker on Nov 10, 2023.
             Was a Believer of Trog.
             Slain by a goblin
             ... wielding a +0 club
              (2 damage)
             ... on level 3 of the Dungeon.
             The game lasted 00:07:36 (2186 turns).

KittyFluff the Cudgeller (Gargoyle Berserker)       Turns: 2186, Time: 00:07:36

Health: -1/29      AC:  7    Str: 23    XL:     4   Next: 92%
Magic:  4/4        EV: 11    Int:  7    God:    Trog [**....]
Gold:   105        SH:  0    Dex:  9    Spells: 3/3 levels left

rFire   . . .        a - +0 mace
rCold   . . .        (no shield)
rNeg    + + .        c - +0 leather armour
rPois   ∞            (no helmet)
rElec   +            (no cloak)
rCorr   .            (no gloves)
SInv    .            (no boots)
Will    .....        (no amulet)
Stlth   +            g - ring of positive energy
HPRegen 0.24/turn    (no ring)
MPRegen 0.09/turn

%: no passive effects
@: slowed, very slow
A: sickness immunity, AC +3, negative energy resistance 1, electricity
resistance, torment resistance 1, petrification resistance
a: Renounce Religion, Berserk, Trog's Hand


You were on level 3 of the Dungeon.
You worshipped Trog.
Trog was pleased with you.
You visited 1 branch of the dungeon, and saw 3 of its levels.

You collected 105 gold pieces.

Inventory:

Hand Weapons
 a - a +0 mace (weapon)
Armour
 c - a +0 leather armour (worn)
Jewellery
 g - a ring of positive energy (left hand)
 p - a ring of ice
Scrolls
 d - a scroll of blinking {unknown}
 e - 3 scrolls of enchant weapon {unknown}
 f - a scroll of fear {unknown}
 h - 2 scrolls of enchant armour {unknown}
 j - 3 scrolls of identify {unknown}
 l - a scroll of poison {unknown}
 n - a scroll of brand weapon {unknown}
Potions
 b - 2 potions of cancellation {unknown}
 i - a potion of haste {unknown}
 k - a potion of attraction {unknown}
 m - a potion of lignification {unknown}
 o - a potion of might {unknown}


   Skills:
 + Level 3.7 Fighting
 * Level 3.9 Maces & Flails
 * Level 3.4 Armour
 + Level 2.0 Dodging
 + Level 1.6 Stealth


You had 3 spell levels left.
You didn't know any spells.
Your spell library was empty.

Dungeon Overview and Level Annotations

Branches:
Dungeon (3/15)

Altars:

Annotations:
D:3 Natasha


Innate Abilities, Weirdness & Mutations

You are immune to sickness and miasma.
Your stone body is resilient. (AC +3)
You are immune to poison.
You resist negative energy. (rN+)
You are resistant to electric shocks. (rElec)
You are resistant to unholy torment.
You are immune to petrification.


Message History

Natasha is lightly wounded.
Natasha mumbles some strange words.
The goblin hits you with a +0 club. Natasha claws you.
You hit Natasha.
Natasha is lightly wounded.
The goblin barely misses you.
Natasha stares at you and mumbles some strange words.
You feel as though you will be slow longer.
The cerulean imp hits you but does no damage.
The goblin barely misses you.
You sock Natasha!
Natasha is severely wounded.
Natasha claws you.
The cerulean imp hits you but does no damage.
The goblin hits you but does no damage. Natasha barely misses you.
The cerulean imp hits you but does no damage.
The goblin closely misses you.
You closely miss Natasha.
Natasha is severely wounded.
Natasha barely misses you.
The cerulean imp hits you from afar with a +0 spear.
* * * LOW HITPOINT WARNING * * *
The goblin hits you but does no damage. Natasha misses you.
The cerulean imp hits you but does no damage.
The goblin closely misses you.
You hit Natasha.
Natasha is severely wounded.
Natasha stares at you and mumbles some strange words.
The magic dart hits you.
* * * LOW HITPOINT WARNING * * *
The cerulean imp hits you but does no damage.
The goblin closely misses you. Natasha claws you but does no damage.
The cerulean imp hits you but does no damage.
The goblin misses you.
You hit Natasha.
Natasha is almost dead.
Natasha misses you.
The cerulean imp hits you but does no damage.
The goblin hits you with a +0 club.
You die...

#. #...#
.###...####
.........
.......
..... #>.5#
#gh.#####
#.@.....#
#.......#
#.......#
#.......#
#.......#
#.......#
#....<..#
#..####.# #
#.......#


You could see Natasha, a cerulean imp (summoned) and a goblin.

Vanquished Creatures
  6 adders
  A worm (D:3)
  2 dart slugs (D:1)
  7 ball pythons
  5 bats
  8 endoplasms
  2 giant cockroaches (D:2)
  3 goblins
  5 hobgoblins
  2 kobolds (D:1)
  A quokka (D:1)
  3 rats
45 creatures vanquished.

Notes
Turn   | Place    | Note
-------+----------+-------------------------------------------
     0 | D:1      | KittyFluff the Gargoyle Berserker began the quest for the
                  | Orb.
     0 | D:1      | Reached XP level 1. HP: 14/14 MP: 1/1
   180 | D:1      | Reached XP level 2. HP: 14/19 MP: 2/2
   532 | D:1      | Reached XP level 3. HP: 18/23 MP: 3/3
   541 | D:1      | Reached skill level 1 in Stealth
  1198 | D:2      | Reached ** piety under Trog
  1210 | D:2      | You fall into a shaft and drop 1 floor!
  1221 | D:3      | Reached XP level 4. HP: 26/28 MP: 4/4
  1448 | D:2      | Found a faded altar of an unknown god.
  2174 | D:3      | Noticed Natasha
  2185 | D:3      | HP: 1/29 [Natasha/magic dart (5)]
  2186 | D:3      | Slain by a goblin

Illustrated notes

Levels and vault maps discovered:
D:1:      evilmike_arrival_hilbert_curve, layout_basic
D:2:      layout_loops_corners, nicolae_ecumenical_oubliette
D:3:      layout_loops_cross, uniq_natasha

Skill      XL: |  1  2  3  4 |
---------------+-------------+-----
Stealth        | 1 |  1.6
Armour         | 3 |  3.4
Dodging        | 2 |  2.0
Fighting       | |  3.7
Maces & Flails | |  3.9

Action                     |  1- 3 |  4- 6 || total
---------------------------+-------+-------++-------
  Melee: Mace              |    91 |    64 ||   155
         Punch             |       |     1 ||     1
 Armour: Leather armour    |    35 |    40 ||    75
         Animal skin       |     1 |       ||     1
  Dodge: Dodged            |    49 |    62 ||   111
